 Dungeon Crawl Stone Soup version 0.27-a0-1217-g8a41f320e8 (webtiles) character file.

Game seed: 17486243098559475669

493 funkygono the Stinger (level 7, -3/48 HPs)
             Began as a Formicid Venom Mage on June 5, 2021.
             Slain by a phantom (7 damage)
             ... on level 4 of the Dungeon.
             The game lasted 00:11:45 (5132 turns).

funkygono the Stinger (Formicid Venom Mage)         Turns: 5132, Time: 00:11:46

Health: -3/48      AC:  2    Str: 12    XL:     7   Next: 37%
Magic:  13/13      EV: 12    Int: 17    God:
Gold:   200        SH:  0    Dex: 11    Spells: 4/14 levels left

rFire    . . .     SeeInvis +   c - +1 whip
rCold    . . .     Faith    .   (no shield)
rNeg     . . .     Spirit   .   a - +0 robe
rPois    .         Reflect  .   (helmet unavailable)
rElec    .         Harm     .   (no cloak)
rCorr    .         Rampage  .   (no gloves)
Will     .....                  (no boots)
Stlth    ++........             (no amulet)
HPRegen  0.16/turn              (no ring)
MPRegen  0.13/turn              (no ring)

@: no status effects
A: permanent stasis, dig shafts and tunnels, antennae 3, four strong arms
a: Dig, Shaft Self


You were on level 4 of the Dungeon.
You visited 1 branch of the dungeon, and saw 4 of its levels.

You collected 200 gold pieces.

Inventory:

Hand Weapons
 c - a +1 whip (weapon)
 g - a +0 club
 h - a +3 club
 k - a +0 flail
Armour
 a - a +0 robe (worn)
 b - a +0 leather armour
Wands
 f - a wand of flame (13)
Scrolls
 i - a scroll of enchant weapon
 l - a scroll of teleportation {unknown}
Potions
 d - a potion of lignification {unknown}
 e - 4 potions of attraction
 j - a potion of curing {unknown}
 m - a potion of mutation


   Skills:
 + Level 1.0 Fighting
 + Level 0.9 Maces & Flails
 + Level 2.2 Dodging
 - Level 2.4 Stealth
 + Level 4.3 Spellcasting
 + Level 3.0 Transmutations
 + Level 2.3 Fire Magic
 + Level 1.1 Air Magic
 + Level 6.5 Poison Magic


You had 4 spell levels left.
You knew the following spells:

 Your Spells              Type           Power      Damage    Failure   Level
a - Sting                 Tmut/Pois      76%        1d6       2%          1
b - Poisonous Vapours     Pois/Air       32%        N/A       4%          2
c - Ignite Poison         Fire/Tmut/Pois 17%        N/A       9%          3
d - Olgreb's Toxic Radia  Pois           25%        N/A       11%         4

Your spell library contained the following spells:

 Spells                   Type           Power      Damage    Failure   Level
 Animate Skeleton         Necr           6%         N/A       16%         1
 Pain                     Necr           12%        1d4       16%         1
 Mephitic Cloud           Conj/Pois/Air  12%        N/A       16%         3
 Vampiric Draining        Necr           1%         2d6       43%         3
 Animate Dead             Necr           1%         N/A       83%         4
 Agony                    Necr           3%         N/A       99%         5


Dungeon Overview and Level Annotations

Branches:
Dungeon (4/15)
 Temple: D:4-7

Altars:
Gozag

Shops:
D:3 :


Innate Abilities, Weirdness & Mutations

You cannot be hasted, slowed, berserked, paralysed or teleported.
You can dig through walls and to a lower floor.
You have a pair of large antennae on your head. (SInv)
Your four strong arms can wield two-handed weapons with a shield.


Message History

You hit the phantom.
The phantom is moderately damaged.
The phantom hits you!
You hit the phantom.
The phantom is moderately damaged.
The phantom hits you.
You closely miss the phantom.
The phantom is moderately damaged.
The phantom hits you!
You hit the phantom but do no damage.
The phantom is moderately damaged.
The phantom barely misses you.
You barely miss the phantom.
The phantom is moderately damaged.
The phantom hits you.
You barely miss the phantom.
The phantom is moderately damaged.
The phantom hits you.
* * * LOW HITPOINT WARNING * * *
The phantom misses you.
Casting: Sting (safe; 2% risk of failure)
Confirm with . or Enter, or press ? or * to list all spells.
Aiming: Sting (safe; 2% risk of failure)
Press: ? - help, Shift-Dir - straight line, f/p - phantom
Aim: a phantom (moderately damaged, 64% to hit)
The sting hits the phantom but does no damage.
The phantom is moderately damaged.
You hit the phantom.
The phantom is heavily damaged.
The phantom hits you but does no damage.
You barely miss the phantom.
The phantom is heavily damaged.
The phantom hits you.
* * * LOW HITPOINT WARNING * * *
The phantom hits you!
* * * LOW HITPOINT WARNING * * *
You barely miss the phantom.
The phantom is heavily damaged.
The phantom hits you!
You die...

#....#. #....#....#
....#..##.......##
...#...'.......+
#..# ##.†.....##
#.(# ##.........#
#..###...........#
#.................
#..######.....####
#.@# +#...#+{ #.W#
{##.## #..# { { #.#
{{{ #..# #.# {
#..########.#######
##.................
#########..#######
#.## #.#


You could see a phantom.

Vanquished Creatures
  Sigmund (D:2)
  Purgy (D:4)
  2 orc wizards (D:4)
  Robin (D:2)
  4 gnolls (D:3)
  3 adders
  An adder skeleton (D:4)
  3 worms
  A dart slug (D:2)
  5 orcs
  7 ball pythons
  3 bats
  9 endoplasms
  4 giant cockroaches
  16 goblins
  11 hobgoblins
  3 jackals (D:1)
  A quokka (D:4)
  7 frilled lizards
  7 kobolds
  7 rats
97 creatures vanquished.

Notes
Turn   | Place    | Note
-------+----------+-------------------------------------------
     0 | D:1      | funkygono the Formicid Venom Mage began the quest for the
                  | Orb.
     0 | D:1      | Reached XP level 1. HP: 13/13 MP: 3/3
   288 | D:1      | Reached XP level 2. HP: 19/19 MP: 3/5
   293 | D:1      | Learned a level 2 spell: Poisonous Vapours
   371 | D:1      | Found a faded altar of an unknown god.
   619 | D:1      | Reached XP level 3. HP: 22/24 MP: 0/6
   624 | D:1      | Learned a level 3 spell: Ignite Poison
  1305 | D:2      | Noticed Sigmund
  1714 | D:2      | Reached skill level 5 in Poison Magic
  1714 | D:2      | Reached XP level 4. HP: 20/30 MP: 1/8
  1988 | D:2      | Reached skill level 1 in Fire Magic
  2105 | D:2      | Killed Sigmund
  2106 | D:2      | Reached XP level 5. HP: 35/35 MP: 1/10
  2106 | D:2      | Reached XP level 6. HP: 41/41 MP: 1/11
  2234 | D:2      | Learned a level 4 spell: Olgreb's Toxic Radiance
  2384 | D:2      | Noticed Robin
  2396 | D:2      | Killed Robin
  2407 | D:2      | Reached skill level 1 in Air Magic
  3258 | D:3      | Found an opulent altar of Gozag.
  3391 | D:3      | Reached skill level 6 in Poison Magic
  4013 | D:3      | Found Abboics's Book Boutique.
  4688 | D:4      | Reached XP level 7. HP: 28/47 MP: 2/12
  4824 | D:4      | Noticed Purgy
  4843 | D:4      | Killed Purgy
  4844 | D:4      | Reached skill level 1 in Fighting
  5132 | D:4      | Slain by a phantom

Illustrated notes

Levels and vault maps discovered:
D:1:      mainiacjoe_arrival_reflecting_pool, layout_loops_ring,
          hellmonk_ecumenical_altar_blasted, minmay_pentomino_s4
D:2:      layout_basic, minivault_11, nrook_uturn, serial_park_tiny_2,
          minmay_misc_feat_five, uniq_robin, uniq_sigmund
D:3:      layout_basic, nicolae_gozag_seed_capital, serial_shops, shop,
          minmay_vboxes
D:4:      layout_basic, minmay_pentangle, uniq_blork_the_orc, uniq_menkaure,
          uniq_pikel, uniq_purgy

Skill      XL: |  1  2  3  4  5  6  7 |
---------------+----------------------+-----
Dodging        | 2 |  2.2
Poison Magic   | 5 6 |  6.5
Fire Magic     | 2 |  2.3
Spellcasting   | 3 4 |  4.3
Transmutations | 2 3 |  3.0
Air Magic      | 1 |  1.1
Fighting       | 1 |  1.0
Maces & Flails | |  0.9
Stealth        | |  2.4

Action                   |  1- 3 |  4- 6 |  7- 9 || total
-------------------------+-------+-------+-------++-------
Melee: Whip              |    13 |    25 |    31 ||    69
 Cast: Sting             |    56 |    48 |     8 ||   112
       Poisonous Vapours |     1 |    21 |     3 ||    25
       Ignite Poison     |     1 |     9 |     2 ||    12
       Olgreb's Toxic Ra |       |     2 |       ||     2
  Use: Scroll            |     3 |     4 |       ||     7
 Stab: Sleeping          |       |     1 |     1 ||     2
Armor: Robe              |     6 |     5 |     2 ||    13
Dodge: Dodged            |    23 |    16 |    22 ||    61

Table legend: (Time is in decaauts)
 A = Elapsed time spent in this place.
 B = Non-inter-level travel time spent in this place.
 C = Inter-level travel time spent in this place.
 D = Time resting spent in this place.
 E = Time spent auto-exploring this place.
 F = Levels seen in this place.
 G = Mean time per level.
                   A        B        C        D        E       F      G
               +--------+--------+--------+--------+--------+-----+--------+
         Total |   5139 |   5061 |     78 |    810 |   3451 |   4 | 1284.8 |
       Dungeon |   5139 |   5061 |     78 |    810 |   3451 |   4 | 1284.8 |
               +--------+--------+--------+--------+--------+-----+--------+

Top non-repeatable levels by time:
     D:1: 1793 daAuts
     D:2: 1470 daAuts
     D:3: 1306 daAuts
     D:4: 569 daAuts
